 Dungeon Crawl Stone Soup version 0.27-a0-695-gb4952372f7 (webtiles) character file.

Game seed: 13062369168913995171

65 Lanoc the Chiller (level 4, -2/21 HPs)
             Began as a Vine Stalker Ice Elementalist on Mar 21, 2021.
             Was an Initiate of Qazlal.
             Slain by Sigmund
             ... wielding a +0 vorpal scythe
              (3 damage)
             ... on level 3 of the Dungeon.
             The game lasted 00:03:52 (3009 turns).

Lanoc the Chiller (Vine Stalker Ice Elementalist)   Turns: 3009, Time: 00:03:53

Health: -2/21      AC:  2    Str: 10    XL:     4   Next: 13%
Magic:  0/8        EV: 12    Int: 16    God:    Qazlal [......]
Gold:   125        SH:  9    Dex: 15    Spells: 3/7 levels left

rFire    . . .     SeeInvis .   g - +0 demon whip (pain)
rCold    . . .     Faith    .   h - +0 buckler
rNeg     . . .     Spirit   +   a - +0 robe
rPois    .         Reflect  +   (no helmet)
rElec    .         Harm     .   (no cloak)
rCorr    .         Rampage  .   (no gloves)
Will     .....                  (no boots)
Stlth    ++........             b - amulet of reflection
HPRegen  1.07/turn              (no ring)
MPRegen  0.11/turn              (no ring)

@: frozen ramparts
A: fangs 2, regeneration 1, magic shield, antimagic bite, no potion heal 3
a: Renounce Religion


You were on level 3 of the Dungeon.
You worshipped Qazlal.
Qazlal was noncommittal.
You visited 1 branch of the dungeon, and saw 3 of its levels.

You collected 125 gold pieces.

Inventory:

Hand Weapons
 g - a +0 demon whip of pain (weapon)
Armour
 a - a +0 robe (worn)
 h - a +0 buckler (worn)
Jewellery
 b - an amulet of reflection (around neck)
Scrolls
 c - a scroll of random uselessness {unknown}
 f - 2 scrolls of teleportation {unknown}
 i - a scroll of fear {unknown}
Potions
 d - a potion of haste {unknown}
 e - 2 potions of flight {unknown}


   Skills:
 + Level 2.2 Dodging
 - Level 2.4 Stealth
 + Level 0.5 Shields
 - Level 2.1 Spellcasting
 * Level 5.0 Ice Magic


You had 3 spell levels left.
You knew the following spells:

 Your Spells              Type           Power      Damage    Failure   Level
a - Freeze                Ice            72%        1d9       4%          1
b - Frozen Ramparts       Ice            36%        1d5       12%         3

Your spell library contained the following spells:

 Spells                   Type           Power      Damage    Failure   Level
 Ozocubu's Armour         Ice            18%        N/A       12%         3
 Poisonous Vapours        Pois/Air       2%         N/A       43%         2
 Portal Projectile        Hex/Tloc       2%         N/A       67%         3
 Summon Guardian Golem    Hex/Summ       1%         N/A       67%         3
 Tukima's Dance           Hex            1%         N/A       67%         3
 Hailstorm                Conj/Ice       9%         3d4       73%         4
 Summon Ice Beast         Ice/Summ       9%         N/A       73%         4
 Airstrike                Air            0%         N/A       97%         4
 Cause Fear               Hex            0%         N/A       97%         4
 Iskenderun's Mystic Bla  Conj/Tloc      1%         2d3       97%         4
 Passage of Golubria      Tloc           N/A        N/A       97%         4


Dungeon Overview and Level Annotations

Branches:
Dungeon (3/15)

Altars:
Qazlal

Annotations:
D:3 Sigmund


Innate Abilities, Weirdness & Mutations

You have extremely sharp teeth.
Your natural rate of healing is unusually fast.
When hurt, damage is shared between your health and your magic reserves.
Your bite disrupts and absorbs the magic of your enemies.
Potions cannot restore your health.


Message History

The worm misses you.
You whack the goblin!
You kill the goblin!
Qazlal accepts your kill.
You hit the worm.
The worm is moderately wounded.
The wall freezes the worm!
The worm bites you!
You hit the worm but do no damage.
The worm is almost dead.
The wall freezes the worm.
You kill the worm!
Qazlal accepts your kill. (m)acro, keymap [(k) default, (x) level-map, (t)argeting, (c)onfirm, m(e)nu], (s)ave?
Current Action for 2: zb Do you wish to (r)edefine, redefine (R)aw, (c)lear, or (a)bort?
Input macro action: zbf Created macro '2' => 'zbf'.
The frozen ramparts melt away.
HP restored.
Magic restored.
You see here a +0 club.
Sigmund shouts!
Sigmund points at you and mumbles some strange words.
The magic dart hits you!
Casting: Frozen Ramparts (extremely dangerous; 12% risk of failure)
Confirm with . or Enter, or press ? or * to list all spells.
The spell is extremely dangerous to cast (12% risk of failure)!
Continue anyway? [Y]es or [N]o only, please.
The spell is extremely dangerous to cast (12% risk of failure)!
Continue anyway?
Casting: Frozen Ramparts (extremely dangerous; 12% risk of failure)
Press: ? - help, Dir - look around, f - activate The walls around you are covered in ice.
The kobold shouts!
You hear a shout! x2
The wall freezes Sigmund.
Sigmund hits you from afar with a +0 vorpal scythe!
The wall freezes Sigmund.
Sigmund hits you from afar with a +0 vorpal scythe!
Ouch! That really hurt!
* * * LOW HITPOINT WARNING * * *
You die...

##### #..#####<..#
.#### #......†.).#
....# #..####....##
##...### #.....##
#....... ###.#†.#
####.......
#.##.###..........
#@##..#..##.......
#.###.....#÷...<..
##.@#.......Jg<.... .#
#...........K######
?......K...###.......#
...........##...#...# .
#.#####..g.........#
..##..##.......####...#
...........###.### ...#


You could see Sigmund, a hobgoblin and a kobold.

Vanquished Creatures
  2 adders (D:2)
  An ooze (D:3)
  2 worms
  A dart slug (D:1)
  A leopard gecko (D:3)
  A giant cockroach (D:1)
  5 hobgoblins (D:1)
  6 bats
  4 frilled lizards
  7 goblins
  2 kobolds
  3 rats
35 creatures vanquished.

Notes
Turn   | Place    | Note
-------+----------+-------------------------------------------
     0 | D:1      | Lanoc the Vine Stalker Ice Elementalist began the quest for
                  | the Orb.
     0 | D:1      | Reached XP level 1. HP: 9/9 MP: 4/4
   745 | D:3      | Identified the Compendium of Bewitchment and the Birds
   785 | D:2      | Reached XP level 2. HP: 13/13 MP: 1/6
  1021 | D:2      | Found a stormy altar of Qazlal.
  1023 | D:2      | Noticed a fire elemental
  1257 | D:1      | Reached XP level 3. HP: 16/16 MP: 5/7
  1414 | D:1      | Identified the Tome of the Voyage and Weightlessness
  2282 | D:2      | Noticed an air elemental
  2285 | D:2      | Noticed an earth elemental
  2285 | D:2      | Noticed a water elemental
  2786 | D:2      | Became a worshipper of Qazlal Stormbringer
  2803 | D:3      | Noticed Sigmund
  2878 | D:3      | Reached skill level 5 in Ice Magic
  2884 | D:3      | Gained mutation: Your natural rate of healing is unusually
                  | fast. [Vine Stalker growth]
  2884 | D:3      | Reached XP level 4. HP: 9/21 MP: 0/8
  2894 | D:2      | Learned a level 3 spell: Frozen Ramparts
  3009 | D:3      | HP: 1/21 [Sigmund/+0 vorpal scythe (13)]
  3009 | D:3      | Slain by Sigmund

Illustrated notes

Levels and vault maps discovered:
D:1:      roderic_octagonal_star, layout_loops_ring, minmay_bisected
D:2:      layout_basic, nicolae_qazlal_style_of_elements
D:3:      layout_rooms, lemuel_coloured_pillars_altar, wad_floor_pattern_2,
          okawaru_metal_pillars_1_2, uniq_sigmund

Skill      XL: |  1  2  3 |
---------------+----------+-----
Dodging        | 2 |  2.2
Ice Magic      | 5 |  5.0
Stealth        | |  2.4
Shields        | |  0.5
Spellcasting   | |  2.1

Action                   |  1- 3 |  4- 6 || total
-------------------------+-------+-------++-------
Melee: Unarmed           |     5 |       ||     5
       Bite              |     4 |       ||     4
       Demon whip        |     7 |     3 ||    10
 Cast: Freeze            |    56 |     1 ||    57
       Frozen Ramparts   |       |     2 ||     2
Armor: Robe              |     3 |     1 ||     4
Dodge: Dodged            |    23 |     1 ||    24
Block: Other             |     4 |       ||     4
       Buckler           |    12 |     4 ||    16

Table legend: (Time is in decaauts)
 A = Elapsed time spent in this place.
 B = Non-inter-level travel time spent in this place.
 C = Inter-level travel time spent in this place.
 D = Time resting spent in this place.
 E = Time spent auto-exploring this place.
 F = Levels seen in this place.
 G = Mean time per level.
                   A        B        C        D        E       F      G
               +--------+--------+--------+--------+--------+-----+--------+
         Total |   3013 |   2888 |    125 |     83 |   2493 |   3 | 1004.3 |
       Dungeon |   3013 |   2888 |    125 |     83 |   2493 |   3 | 1004.3 |
               +--------+--------+--------+--------+--------+-----+--------+

Top non-repeatable levels by time:
     D:2: 1410 daAuts
     D:1: 1256 daAuts
     D:3: 347 daAuts
